 Dungeon Crawl Stone Soup version 0.28.0-1-gb440e238dd (webtiles) character file.

Game seed: 2352406237128704061

31 cbfl8 the Sneak (level 3, -9/33 HPs)
             Began as a Minotaur Delver on Feb 28, 2022.
             Mangled by an ogre (24 damage)
             ... on level 4 of the Dungeon.
             The game lasted 00:00:52 (415 turns).

cbfl8 the Sneak (Minotaur Delver)                    Turns: 415, Time: 00:00:52

Health: -9/33      AC:  3    Str: 18    XL:     3   Next: 7%
Magic:  2/2        EV: 12    Int:  7    God:
Gold:   11         SH:  0    Dex: 11    Spells: 2/2 levels left

rFire   . . .      SeeInvis .   i - +0 long sword
rCold   . . .      Faith    .   (no shield)
rNeg    . . .      Spirit   .   b - +0 leather armour
rPois   .          Reflect  .   (helmet restricted)
rElec   .          Harm     .   (no cloak)
rCorr   .          Rampage  .   (no gloves)
Will    .....                   (no boots)
Stlth   ++........              (no amulet)
HPRegen 0.11/turn               (no ring)
MPRegen 0.08/turn               (no ring)

@: no status effects
A: horns 2, retaliatory headbutt
a: no special abilities


You were on level 4 of the Dungeon.
You visited 1 branch of the dungeon, and saw 3 of its levels.

You collected 11 gold pieces.

Inventory:

Hand Weapons
 a - a +0 hand axe
 i - a +0 long sword (weapon)
Armour
 b - a +0 leather armour (worn)
Wands
 g - a wand of digging (3)
Scrolls
 c - a scroll of fog
 d - a scroll of magic mapping
 e - a scroll of fear
Potions
 f - 2 potions of heal wounds {unknown}
 h - a potion of invisibility {unknown}


   Skills:
 + Level 4.0 Fighting
 + Level 2.5 Axes
 + Level 0.1 Armour
 + Level 2.3 Dodging
 + Level 4.7 Stealth


You had 2 spell levels left.
You didn't know any spells.
Your spell library was empty.

Dungeon Overview and Level Annotations

Branches:
Dungeon (6/15)
 Temple: D:4-7

Altars:


Innate Abilities, Weirdness & Mutations

You have a pair of horns on your head.
You reflexively headbutt those who attack you in melee.


Message History

You hit the hound.
The hound is severely wounded.
The hound bites you. The hound misses you.
You barely miss the hound. Your headbutt misses the hound.
The hound is severely wounded.
The hound bites you.
You closely miss the hound.
The hound is severely wounded.
The hound bites you. The hound bites you but does no damage.
You hit the hound.
You kill the hound!
Your Fighting skill increases to level 4!
You have reached level 2!
You have reached level 3!
Your experience leads to an increase in your attributes!
Increase (S)trength, (I)ntelligence, or (D)exterity?
You feel stronger. x2
You start resting.
An endoplasm comes into view.
An endoplasm is nearby!
You see here a +0 long sword.
You see here a +0 long sword.
You see here a +0 long sword.
i - a +0 long sword
i - a +0 long sword (weapon)
You start resting.
HP restored.
You start waiting.
An ogre comes into view. It is wielding a +0 giant spiked club.
The ogre shouts!
You slash the endoplasm!
You kill the endoplasm!
Found 13 gold pieces.
You barely miss the ogre. The ogre closely misses you.
The ogre hits you with a +0 giant spiked club!!
Ouch! That really hurt!
You hit the ogre but do no damage. Your headbutt misses the ogre.
The ogre hits you with a +0 giant spiked club!!
Ouch! That really hurt!
You die...

## .### $..... ...## ##
.... ....##.. ....
..#..#.# ... ..##.#.#
..# #.##.#.# # #.#
..J....###.# #.#
........##.### #@#
.............. #O##
#.........###.##..#####
#.......### #.........#.
#.......########........
#.........O..##.........
#.......####....#.......
#.......##...####.......
...........### #......


You could see an ogre.

Vanquished Creatures
  A hound (D:4)
  An endoplasm (D:4)
2 creatures vanquished.

Notes
Turn   | Place    | Note
-------+----------+-------------------------------------------
     0 | D:5      | cbfl8 the Minotaur Delver began the quest for the Orb.
     0 | D:5      | Reached XP level 1. HP: 19/19 MP: 0/0
     6 | D:5      | Noticed an iguana
    18 | D:6      | Noticed an iguana
    19 | D:6      | Noticed a kobold brigand
   109 | D:4      | Noticed a hound
   124 | D:4      | Killed a hound
   125 | D:4      | Reached XP level 2. HP: 9/27 MP: 1/1
   125 | D:4      | Reached XP level 3. HP: 11/33 MP: 2/2
   400 | D:4      | Noticed an ogre
   415 | D:4      | Mangled by an ogre

Illustrated notes

Levels and vault maps discovered:
D:4:      layout_rooms, nicolae_concentric_dashed_squares_wild
D:5:      layout_loops_corners, elyvilon_altar_3, wad_rectangle_vault
D:6:      layout_rooms, gammafunk_ghost_arena, serial_bayou_pond_b

Skill      XL: |  1 |
---------------+----+-----
Fighting       | 4 |  4.0
Axes           | |  2.5
Armour         | |  0.1
Dodging        | |  2.3
Stealth        | |  4.7

Action                   || total
-------------------------++-------
Melee: Hand axe          ||     7
       Long sword        ||     3
  Use: Potion            ||     1
Armor: Leather armour    ||     2
Dodge: Dodged            ||     6
